 Dungeon Crawl Stone Soup version 0.22.0-75-g3901e79 (webtiles) character file.

78 daodarkstar the Skirmisher (level 4, 0/35 HPs)
             Began as a Demonspawn Fighter on Sept 12, 2018.
             Succumbed to an adder's poison
             ... on level 2 of the Dungeon.
             The game lasted 00:02:43 (1312 turns).

daodarkstar the Skirmisher (Demonspawn Fighter)     Turns: 1312, Time: 00:02:43

Health: 0/35       AC:  2    Str: 16    XL:     4   Next: 15%
Magic:  4/4        EV: 11    Int:  9    God:
Gold:   21         SH:  0    Dex: 14    Spells: 3/3 levels left

rFire    . . .     SeeInvis .   (no weapon)
rCold    . . .     Gourm    .   (no shield)
rNeg     . . .     Faith    .   (no armour)
rPois    .         Spirit   .   (no helmet)
rElec    .         Reflect  .   (no cloak)
rCorr    .         Harm     .   (no gloves)
MR       .....                  (no boots)
Stlth    +.........             (no amulet)
HPRegen  0.11/turn              (no ring)
MPRegen  0.09/turn              (no ring)

@: lethally poisoned (0 -> -17)
A: hooves 1, icy blue scales 1, powered by pain 1
a: no special abilities


You were on level 2 of the Dungeon.
You were not hungry.

You visited 1 branch of the dungeon, and saw 2 of its levels.

You collected 21 gold pieces.

Inventory:

Jewellery
 m - an uncursed amulet of the gourmand {unknown}
 n - a cursed amulet of inaccuracy {unknown}
Scrolls
 h - a scroll of remove curse {unknown}
 i - 2 scrolls of teleportation {unknown}
 l - 3 scrolls of identify {unknown}
Potions
 d - a potion of might
 e - a potion of heal wounds {unknown}
 j - a potion of degeneration {unknown}
 k - a potion of lignification {unknown}
 p - a potion of agility {unknown}
Comestibles
 f - 3 rations
 g - 2 chunks of flesh


   Skills:
 + Level 3.3 Fighting
   Level 2.9 Axes
 + Level 3.3 Armour
   Level 2.9 Shields


You had 3 spell levels left.
You didn't know any spells.
Your spell library was empty.

Dungeon Overview and Level Annotations

Branches:
Dungeon (2/15)

Altars:


Innate Abilities, Weirdness & Mutations

You have large cloven feet.
You are partially covered in icy blue scales. (AC +2)
You sometimes gain a little power by taking damage.


Message History

You are poisoned.
The adder poisons you!
You feel sick. The adder bites you but does no damage. The adder bites you.
The adder bites you.
You feel sick. The adder bites you.
* * * LOW HITPOINT WARNING * * *
You are more poisoned.
The adder poisons you! The adder bites you.
* * * LOW HITPOINT WARNING * * *
The adder bites you.
* * * LOW HITPOINT WARNING * * *
You are more poisoned.
The adder poisons you!
* * * LOW HITPOINT WARNING * * *
You feel sick. The adder bites you.
* * * LOW HITPOINT WARNING * * *
You are more poisoned.
The adder poisons you!
You die...

#######.##....
##...........###
...............##
##.##.......†...#
#.###...###<#..######
#.# ##.## ##.........
#.# #..###.#.######
..#
#.#.#.##.######..#
###
#.##..##..@S.....#
#.###.########...#
#.. ..# # #.# ### #.#
#.


You could see an adder.

Vanquished Creatures
  Terence (D:2)
  An adder (D:2)
  A dart slug (D:1)
  4 giant cockroaches
  4 goblins
  9 hobgoblins
  4 jackals (D:1)
  3 kobolds (D:1)
  A quokka (D:2)
  A ball python (D:1)
  3 bats
  2 frilled lizards (D:1)
  4 rats
38 creatures vanquished.

Notes
Turn   | Place    | Note
-------+----------+-------------------------------------------
     0 | D:1      | daodarkstar the Demonspawn Fighter began the quest for the
                  | Orb.
     0 | D:1      | Reached XP level 1. HP: 18/18 MP: 1/1
   142 | D:1      | Gained mutation: You are partially covered in icy blue
                  | scales. (AC +2) [demonic ancestry]
   142 | D:1      | Reached XP level 2. HP: 22/24 MP: 2/2
   433 | D:1      | Gained mutation: You have large cloven feet. [demonic
                  | ancestry]
   433 | D:1      | Reached XP level 3. HP: 27/29 MP: 3/3
   973 | D:2      | Found a faded altar of an unknown god.
  1087 | D:2      | Noticed Terence
  1095 | D:2      | Killed Terence
  1095 | D:2      | Gained mutation: You sometimes gain a little power by
                  | taking damage. [demonic ancestry]
  1095 | D:2      | Reached XP level 4. HP: 25/35 MP: 4/4
  1312 | D:2      | Succumbed to an adder's poison

Skill      XL: |  1  2 |
---------------+-------+-----
Axes           | 2 |  2.9
Armour         | 3 |  3.3
Fighting       | |  3.3
Shields        | |  2.9

Action                   |  1- 3 |  4- 6 || total
-------------------------+-------+-------++-------
Melee: War axe           |    98 |       ||    98
       Kick              |     8 |     7 ||    15
       Unarmed           |       |    22 ||    22
 Stab: Sleeping          |       |     1 ||     1
  Eat: Chunk             |     1 |     1 ||     2
Armor: Scale mail        |    77 |       ||    77
       Skin              |       |     6 ||     6
Dodge: Dodged            |    31 |    16 ||    47
Block: Shield            |    52 |       ||    52
